 Dungeon Crawl Stone Soup version 0.19.1-1-g22dce08 (webtiles) character file.

299 theAP the Cudgeler (level 6, -14/40 HPs)
             Began as a Gargoyle Fighter on Jan 17, 2017.
             Demolished by an ogre
             ... wielding a +0 giant spiked club
              (24 damage)
             ... on level 3 of the Dungeon.
             The game lasted 00:05:38 (1713 turns).

theAP the Cudgeler (Gargoyle Fighter)               Turns: 1713, Time: 00:05:39

Health: -14/40     AC: 15    Str: 22    XL:     6   Next: 36%
Magic:  6/6        EV:  9    Int:  8    God:
Gold:   192        SH: 10    Dex: 11    Spells: 0 memorised, 5 levels left

rFire  . . .     SeeInvis .     a - +1 flail
rCold  . . .     Gourm    .     b - +0 scale mail
rNeg   + . .     Faith    .     c - +1 shield
rPois  ∞         Spirit   .     o - +0 helmet
rElec  +         Reflect  .     q - +2 cloak
rCorr  .         Harm     .     (no gloves)
MR     .....                    (no boots)
Stlth  ..........               (no amulet)
                                g - +2 ring of evasion
                                p - +2 ring of dexterity

@: no status effects
A: negative energy resistance 1, electricity resistance, unbreathing,
petrification resistance, rot immunity, AC +4
a: no special abilities


You were on level 3 of the Dungeon.
You were not hungry.

You visited 1 branch of the dungeon, and saw 3 of its levels.

You collected 192 gold pieces.

Inventory:

Hand Weapons
 a - a +1 flail (weapon)
Armour
 b - a +0 scale mail (worn)
 c - a +1 shield (worn)
 o - a +0 helmet (worn)
 q - a +2 cloak (worn)
Jewellery
 g - a +2 ring of evasion (right hand)
 p - a +2 ring of dexterity (left hand)
Scrolls
 h - a scroll of teleportation
 s - 2 scrolls of remove curse {unknown}
Potions
 d - a potion of might
 e - a potion of magic
 i - a potion of lignification {unknown}
 j - a potion of degeneration {unknown}
 n - a potion of cancellation {unknown}
 r - a potion of agility {unknown}
Books
 m - a book of Changes

   Spells                             Type                      Level
   a - Beastly Appendage              Transmutation                1
   b - Sticks to Snakes               Transmutation                2
   c - Spider Form                    Transmutation/Poison         3
   d - Ice Form                       Ice/Transmutation            4
   e - Blade Hands                    Transmutation                5
Comestibles
 f - 6 bread rations
 k - a meat ration


   Skills:
 + Level 5.0 Fighting
 * Level 5.5 Maces & Flails
 - Level 3.2 Armour
 - Level 3.2 Shields


You had 5 spell levels left.
You didn't know any spells.

Dungeon Overview and Level Annotations

Branches:
Dungeon (3/15)

Altars:
Ashenzari
Qazlal


Innate Abilities, Weirdness & Mutations

You are resistant to torment.
Your stone body is resilient. (AC +4)
You are immune to poison.
You resist negative energy. (rN+)
You are resistant to electric shocks. (rElec)
You can survive without breathing.
You are immune to petrification.
You are immune to rotting.


Message History

Found a trident.
You block the quokka's attack.
You hit the quokka.
You kill the quokka!
An adder comes into view.
You barely miss the ogre.
The adder hisses angrily.
You block the ogre's attack.
You barely miss the ogre.
The ogre hits you with a giant spiked club!!
You barely miss the ogre.
The ogre hits you with a giant spiked club!
* * * LOW HITPOINT WARNING * * *
You are too injured to fight recklessly!
You are too injured to fight recklessly!
You are too injured to fight recklessly!
You hit the ogre but do no damage.
The ogre hits you with a giant spiked club!!
Ouch! That really hurt!
You die...

####### #.....#
#### #.....# #..#
. #.....# ###..#
.. ##.##.##
##....# ...
#..##..####..##.#
....
..####...#..###.#
..... .##
###.†.##
#.##...... .#
##.### #.@OS.....
.# ...#
####...... ##
#.#.# ..... #.#..
..). # ##.##. .##
#####..# . #
..÷)#.####.##
###..........
#..)####.##


You could see an ogre and an adder.

Vanquished Creatures
  A black bear (D:3)
  Jessica (D:3)
  Terence (D:2)
  An orc wizard (D:3)
  5 adders
  A worm (D:2)
  A dart slug (D:1)
  3 leopard geckos (D:2)
  4 orcs (D:3)
  2 giant cockroaches
  6 goblins
  10 hobgoblins
  9 jackals
  6 kobolds
  3 quokkas
  8 bats
  2 frilled lizards
  6 rats
70 creatures vanquished.

Notes
Turn   | Place    | Note
-------+----------+-------------------------------------------
     0 | D:1      | theAP the Gargoyle Fighter began the quest for the Orb.
     0 | D:1      | Reached XP level 1. HP: 14/14 MP: 1/1
   158 | D:1      | Reached XP level 2. HP: 18/19 MP: 2/2
   369 | D:1      | Reached XP level 3. HP: 21/24 MP: 3/3
   598 | D:2      | Reached XP level 4. HP: 28/29 MP: 4/4
   705 | D:2      | Noticed Terence
   718 | D:2      | Killed Terence
   892 | D:2      | Reached XP level 5. HP: 34/34 MP: 5/5
   912 | D:2      | Found a stormy altar of Qazlal.
  1165 | D:3      | Noticed Jessica
  1170 | D:3      | Killed Jessica
  1231 | D:3      | Found a shattered altar of Ashenzari.
  1400 | D:3      | Noticed a black bear
  1454 | D:3      | Killed a black bear
  1454 | D:3      | Reached skill level 5 in Fighting
  1454 | D:3      | Reached skill level 5 in Maces & Flails
  1454 | D:3      | Reached XP level 6. HP: 12/40 MP: 6/6
  1713 | D:3      | Demolished by an ogre

Skill      XL: |  1  2  3  4  5 |
---------------+----------------+-----
Maces & Flails | 3 4 5 |  5.5
Fighting       | 4 5 |  5.0
Armour         | |  3.2
Shields        | |  3.2

Action                   |  1- 3 |  4- 6 || total
-------------------------+-------+-------++-------
Melee: Flail             |   103 |   137 ||   240
  Use: Scroll            |       |     6 ||     6
       Potion            |       |     1 ||     1
  Eat: Chunk             |       |     3 ||     3
Armor: Scale mail        |    95 |    89 ||   184
Dodge: Dodged            |    37 |    48 ||    85
Block: Shield            |    84 |    67 ||   151
